Map: [ESL] Moondance

Players

iGCoffeeMs (Coffee) - Winner!

  • Race: Terran Terran
  • League: Master

DPGJieShi (Jieshi)

  • Race: Protoss Protoss

Event: DreamHack SC2 Masters 2022 Atlanta (Online)

VOD

Have the link to the VOD?

Description

Time

  • Played on: Oct. 9, 2022, 8:04 a.m.
  • Length: 5:16

All games in this series

Show
View Real Time Build Order
Export as new Build Order

iGCoffeeMs Terran - Winner!

Build Orders: 1/1/1, Liberator Opening 

Get SALT Encoding   

  12  0:00  SCV  
  13  0:12  SCV  
  14  0:17  Supply Depot  
  14  0:24  SCV  
  15  0:38  SCV  
  15  0:40  Barracks  
  16  0:43  Refinery  
  16  0:50  SCV  
  16  0:54  Refinery  
  17  1:02  SCV  
  18  1:14  SCV  
  19  1:26  Reaper  
  19  1:27  Orbital Command  
  19  1:28  Supply Depot  
  20  1:41  Factory  
  20  1:50  Barracks  
  20  1:55  SCV  
  21  2:04  Barracks Reactor  
  21  2:07  SCV  
  22  2:10  Supply Depot  
  22  2:19  SCV  
  23  2:25  Starport  
  23  2:26  Factory Tech Lab  
  23  2:33  SCV  
  24  2:40  Marine x3  
  27  2:47  Siege Tank  
  30  2:53  Supply Depot  
  30  3:00  Marine x2  
  30  3:01  Marine  
  33  3:18  Marine x2  
  33  3:19  Siege Tank, Marine  
  39  3:23  Medivac  
  41  3:30  Supply Depot  
  41  3:36  Marine x2  
  41  3:37  Marine  
  44  3:53  Liberator  
  47  3:58  Marine x3  
  50  4:07  Supply Depot  
  49  4:25  Marine x2  
  49  4:28  Marine  
Show
View Real Time Build Order
Export as new Build Order

DPGJieShi Protoss 

Build Orders: 1 Gate Expand, Blink Stalkers 

Get SALT Encoding   

  12  0:00  Probe  
  13  0:12  Probe  
  14  0:18  Pylon  
  14  0:24  Probe (Chrono Boost)  
  15  0:36  Gateway  
  15  0:37  Probe (Chrono Boost)  
  16  0:44  Probe (Chrono Boost)  
  16  0:45  Assimilator  
  17  0:51  Probe  
  18  1:03  Probe  
  19  1:15  Probe  
  20  1:24  Cybernetics Core  
  20  1:31  Nexus  
  20  1:37  Pylon  
  21  1:40  Probe  
  21  1:47  Assimilator  
  21  1:52  Probe  
  22  1:58  Stalker (Chrono Boost)  
  22  2:00  Warp Gate  
  24  2:04  Probe  
  25  2:16  Probe  
  25  2:20  Twilight Council  
  26  2:28  Probe, Stalker (Chrono Boost)  
  29  2:43  Probe (Chrono Boost)  
  30  2:44  Probe (Chrono Boost)  
  30  2:45  Gateway  
  31  2:52  Blink (Chrono Boost)  
  31  2:54  Probe (Chrono Boost)  
  31  2:56  Probe (Chrono Boost)  
  33  2:59  Probe (Chrono Boost)  
  33  3:04  Probe  
  35  3:10  Probe  
  36  3:16  Robotics Facility, Probe  
  37  3:22  Probe  
  38  3:28  Probe  
  39  3:34  Probe  
  39  3:40  Nexus, Probe  
  41  3:43  Pylon  
  41  3:47  Probe  
  42  3:49  Stalker  
  42  3:54  Stalker  
  46  4:01  Probe x2  
  48  4:02  Pylon  
  48  4:07  Shield Battery  
  49  4:12  Forge  
  49  4:15  Stalker  
  49  4:26  Pylon  
  49  4:29  Gateway  
  43  4:34  Gateway  
  39  4:41  Stalker  
  41  4:46  Dark Shrine  
  41  5:05  Stalker  
Tags
 
Add a new tag
Caveats
  • Supply blocks, unpowered buildings, or Contaminate may cause inaccurate times.
  • Supply counts are checked every 10 seconds.